 Dungeon Crawl Stone Soup version 0.29-a0-22-gbf593b16ee (webtiles) character file.

Game seed: 2869961203010061116

98 Splatterfish the Covered (level 4, -2/29 HPs)
             Began as a Gargoyle Fighter on Jan 29, 2022.
             Slain by a gnoll (4 damage)
             ... on level 3 of the Dungeon.
             The game lasted 00:14:46 (3714 turns).

Splatterfish the Covered (Gargoyle Fighter)         Turns: 3714, Time: 00:14:47

Health: -2/29      AC: 10    Str: 21    XL:     4   Next: 71%
Magic:  4/4        EV:  9    Int:  9    God:
Gold:   112        SH:  4    Dex:  9    Spells: 3/3 levels left

rFire   . . .      SeeInvis .   a - +0 flail
rCold   . . .      Faith    .   c - +0 buckler
rNeg    + . .      Spirit   .   b - +0 scale mail
rPois   ∞          Reflect  .   (no helmet)
rElec   +          Harm     .   (no cloak)
rCorr   .          Rampage  .   (no gloves)
Will    .....                   (no boots)
Stlth   ..........              (no amulet)
HPRegen 0.09/turn               (no ring)
MPRegen 0.09/turn               (no ring)

@: mighty
A: sickness immunity, AC +3, negative energy resistance 1, electricity
resistance, torment resistance 1, petrification resistance
a: no special abilities


You were on level 3 of the Dungeon.
You visited 1 branch of the dungeon, and saw 3 of its levels.

You collected 112 gold pieces.

Inventory:

Hand Weapons
 a - a +0 flail (weapon)
Armour
 b - a +0 scale mail (worn)
 c - a +0 buckler (worn)
Magical Staves
 j - a staff of air
Jewellery
 g - an amulet of magic regeneration
Wands
 m - a wand of polymorph (4)
Scrolls
 e - a scroll of torment {unknown}
 f - a scroll of amnesia {unknown}
 k - a scroll of identify {unknown}
 n - a scroll of summoning {unknown}
Potions
 h - a potion of haste {unknown}
 i - a potion of attraction {unknown}


   Skills:
 + Level 3.7 Fighting
 + Level 2.6 Maces & Flails
 + Level 4.2 Armour
 + Level 0.7 Dodging
 + Level 4.0 Shields


You had 3 spell levels left.
You didn't know any spells.
Your spell library contained the following spells:

 Spells                   Type           Power      Damage    Failure   Level
 Hailstorm                Conj/Ice       0%         3d3       100%        4
 Ice Form                 Ice/Tmut       0%         N/A       100%        4
 Simulacrum               Ice/Necr       0%         N/A       100%        6


Dungeon Overview and Level Annotations

Branches:
Dungeon (3/15)

Altars:
Wu Jian
The Shining One


Innate Abilities, Weirdness & Mutations

You are immune to sickness and miasma.
Your stone body is resilient. (AC +3)
You are immune to poison.
You resist negative energy. (rN+)
You are resistant to electric shocks. (rElec)
You are resistant to unholy torment.
You are immune to petrification.


Message History

The gnoll is severely wounded.
The gnoll hits you but does no damage. x2
You hit the gnoll.
You kill the gnoll!
The frilled lizard barely misses you.
Your Armour skill increases to level 4!
You thump the frilled lizard!
You kill the frilled lizard!
The gnoll barely misses you.
You barely miss the gnoll. The gnoll hits you with a +0 whip.
You hit the gnoll but do no damage. The gnoll hits you with a +0 whip.
The gnoll hits you but does no damage.
You barely miss the gnoll. The gnoll completely misses you.
The gnoll hits you from afar with a +0 spear.
* * * LOW HITPOINT WARNING * * *
You barely miss the gnoll. The gnoll hits you but does no damage.
You block the gnoll's attack. The gnoll hits you but does no damage.
The gnoll hits you with a +0 whip.
* * * LOW HITPOINT WARNING * * *
You feel better. The gnoll hits you with a +0 whip.
* * * LOW HITPOINT WARNING * * *
Unknown command.
You feel very mighty all of a sudden. The gnoll hits you but does no damage.
The gnoll hits you with a +0 whip.
* * * LOW HITPOINT WARNING * * *
You sock the gnoll!
You kill the gnoll!
The gnoll hits you but does no damage. The gnoll hits you but does no damage.
You see here a +0 whip.
You hit the gnoll.
The gnoll is moderately wounded.
The gnoll hits you with a +0 spear.
* * * LOW HITPOINT WARNING * * *
You closely miss the gnoll.
The gnoll is moderately wounded.
The gnoll misses you. The gnoll hits you with a +0 spear.
* * * LOW HITPOINT WARNING * * *
The gnoll hits you from afar with a +0 spear.
You die...

#...............#
#######.....###.# ####
#####.†##.# .... ##)#..# ##
#...# #### # .# #...# ... ...
..# #w#.# ##.# ..# ..#
####g#g###..###.## ##..#
#.@).#w......<...# ..#
#...######.........# #.# .....##
#...........# # ## ##..#
#...#.........# .##....
#...###.........# ..#.## ..#
#.........# ##....# .
#l........# ###.§...######.#..
.........).#
.J...§§....#.....#####.........#


You could see a gnoll.

Vanquished Creatures
  2 gnolls (D:3)
  4 adders
  A dart slug (D:2)
  2 orcs (D:3)
  4 ball pythons
  4 bats (D:2)
  6 endoplasms
  2 giant cockroaches
  3 hobgoblins (D:2)
  2 kobolds
  A quokka (D:2)
  A frilled lizard (D:3)
  4 goblins
  3 rats
39 creatures vanquished.

Notes
Turn   | Place    | Note
-------+----------+-------------------------------------------
     0 | D:1      | Splatterfish the Gargoyle Fighter began the quest for the
                  | Orb.
     0 | D:1      | Reached XP level 1. HP: 14/14 MP: 1/1
   196 | D:1      | Found a faded altar of an unknown god.
   826 | D:1      | Reached XP level 2. HP: 19/19 MP: 2/2
  1676 | D:2      | Reached XP level 3. HP: 23/23 MP: 3/3
  3386 | D:3      | Found a glowing golden altar of the Shining One.
  3495 | D:3      | Found an ornate altar of the Wu Jian Council.
  3521 | D:3      | Reached XP level 4. HP: 14/29 MP: 4/4
  3714 | D:3      | Slain by a gnoll

Illustrated notes

Levels and vault maps discovered:
D:1:      zaba_arrival_water, layout_basic, shapermc_ecumenical_altar_gd
D:2:      layout_basic, serial_glass, glass_columns_c, glass_columns_a,
          small_statue_intersection
D:3:      layout_rooms, nicolae_overflow_ecumenical_swirl,
          mainiacjoe_overflow_cross_hatched, mainiacjoe_overflow_brackets

Skill      XL: |  1  2  3  4 |
---------------+-------------+-----
Shields        | 4 |  4.0
Armour         | 4 |  4.2
Fighting       | |  3.7
Maces & Flails | |  2.6
Dodging        | |  0.7

Action                   |  1- 3 |  4- 6 || total
-------------------------+-------+-------++-------
Melee: Flail             |   121 |    22 ||   143
  Use: Potion            |     1 |     2 ||     3
Armor: Scale mail        |    97 |    15 ||   112
Dodge: Dodged            |    67 |     9 ||    76
Block: Buckler           |    33 |     7 ||    40

Table legend: (Time is in decaauts)
 A = Elapsed time spent in this place.
 B = Non-inter-level travel time spent in this place.
 C = Inter-level travel time spent in this place.
 D = Time resting spent in this place.
 E = Time spent auto-exploring this place.
 F = Levels seen in this place.
 G = Mean time per level.
                   A        B        C        D        E       F      G
               +--------+--------+--------+--------+--------+-----+--------+
         Total |   3769 |   3747 |     22 |   1706 |    824 |   3 | 1256.3 |
       Dungeon |   3769 |   3747 |     22 |   1706 |    824 |   3 | 1256.3 |
               +--------+--------+--------+--------+--------+-----+--------+

Top non-repeatable levels by time:
     D:2: 2266 daAuts
     D:1: 1153 daAuts
     D:3: 349 daAuts
